 Dungeon Crawl Stone Soup version 0.31-a0-331-geda263fcf1 (webtiles) character file.

Game seed: 12810379439275472697

823 mopl the Insei (level 7, -2/47 HPs)
             Began as an Octopode Shapeshifter on July 19, 2023.
             Was a Priest of Uskayaw.
             Slain by an orc priest
             ... wielding a +0 hand axe
              (8 damage)
             ... on level 5 of the Dungeon.
             The game lasted 00:04:50 (3686 turns).

mopl the Insei (Octopode Shapeshifter)              Turns: 3686, Time: 00:04:50

Health: -2/47      AC:  1    Str: 14    XL:     7   Next: 96%
Magic:  8/9        EV: 14    Int: 10    God:    Uskayaw [***...]
Gold:   273        SH:  0    Dex: 15    Spells: 6/6 levels left

rFire   . .          .
                       - Unarmed
rCold   . . .        (no shield)
rNeg    . . .        s - melded +2 hat
rPois   +            (no amulet)
rElec   .            c - ring of willpower
rCorr   .            k - ring of poison resistance
SInv    +            n - ring of see invisible
Will    +....        (no ring)
Stlth   ++           (no ring)
HPRegen 0.27/turn    (no ring)
MPRegen 0.11/turn    (no ring)
                     (no ring)

%: no passive effects
@: beast-form
A: beast (slay +3), almost no armour, amphibious, 8 rings, camouflage 1,
gelatinous body 1, (nimble swimmer 1), tentacles
a: Begin Untransformation, Renounce Religion, Stomp, Line Pass


You were on level 5 of the Dungeon.
You worshipped Uskayaw.
Uskayaw was noncommittal.
You were a hulking beast.
You visited 1 branch of the dungeon, and saw 5 of its levels.

You collected 273 gold pieces.

Inventory:

Missiles
 e - 2 poisoned darts (quivered)
Armour
 s - a +2 hat (melded)
Jewellery
 c - a ring of willpower (left tentacle)
 f - a ring of flight
 k - a ring of poison resistance (right tentacle)
 n - a ring of see invisible (on tentacle)
Talismans
 b - a beast talisman
Scrolls
 d - 2 scrolls of poison {unknown}
 i - 4 scrolls of identify {unknown}
 j - 3 scrolls of teleportation {unknown}
 l - a scroll of fog {unknown}
 p - a scroll of blinking {unknown}
 q - 2 scrolls of revelation {unknown}
 r - a scroll of enchant armour {unknown}
Potions
 a - 2 potions of lignification {!q}
 g - a potion of heal wounds {unknown}
 h - 3 potions of invisibility {unknown}
 m - 2 potions of mutation {unknown}
 o - 3 potions of resistance {unknown}


   Skills:
 + Level 3.8 Fighting
 + Level 3.8 Dodging
 * Level 5.0 Unarmed Combat
 + Level 2.6 Invocations
 * Level 4.9 Shapeshifting


You had 6 spell levels left.
You didn't know any spells.
Your spell library contained the following spells:

 Spells                   Type           Power      Damage    Failure   Level
 Call Canine Familiar     Summ           0%         N/A       75%         3
 Portal Projectile        Hex/Tloc       0%         N/A       75%         3
 Vhi's Electric Charge    Tloc/Air       0%         N/A       75%         3
 Leda's Liquefaction      Hex/Erth       0%         N/A       98%         4
 Alistair's Intoxication  Tmut/Pois      0%         N/A       100%        5
 Arcjolt                  Conj/Air       0%         1d10      100%        5
 Borgnjor's Vile Clutch   Necr/Erth      0%         N/A       100%        5
 Eringya's Noxious Bog    Tmut/Pois      0%         4d6       100%        6
 Plasma Beam              Fire/Air       0%         2x1d10    100%        6


Dungeon Overview and Level Annotations

Branches:
Dungeon (5/15)
 Temple: D:4-7

Altars:
Ashenzari
Fedhas
Uskayaw
Xom

Shops:
D:4 [


Innate Abilities, Weirdness & Mutations

You are a hulking beast.
Your limbs bulge with bestial killing power. (Slay +3)
You cannot wear most types of armour.
You are amphibious.
You can wear up to eight rings at the same time.
Your skin changes colour to match your surroundings (Stealth+).
Your rubbery body absorbs attacks. (AC +1, EV +1)
((You are camouflaged when in or above water. (Stealth+)))
You have tentacles for arms and can constrict up to eight enemies at once.


Message History

You squeeze the scorpion.
The scorpion is severely wounded.
You constrict the scorpion. The scorpion stings you.
You can now pass through a line of other dancers.
You bludgeon the scorpion!
You kill the scorpion!
Your Unarmed Combat skill increases to level 5!
You tentacle-slap the phantom.
The phantom is lightly damaged.
The phantom hits you.
The phantom blinks!
You blink.
You barely miss the phantom.
The phantom is lightly damaged.
The orc wizard shouts!
The phantom hits you.
The phantom blinks!
You blink.
An ice beast comes into view.
The orc wizard points at you and mumbles some strange words.
The magic dart hits you!
The orc wizard shouts!
You tentacle-slap the phantom. Your squeeze misses the phantom.
The phantom is moderately damaged.
The phantom hits you but does no damage.
The ice beast misses you.
Uskayaw will force your foes to helplessly watch your dance.
Uskayaw prepares the audience for your solo!
The helpless phantom fails to defend itself.
You tentacle-slap the phantom.
The phantom is moderately damaged.
The ice beast is no longer paralysed.
The orc priest is no longer paralysed.
The orc wizard is no longer paralysed.
The ice beast hits you. The ice beast freezes you!
* * * LOW HITPOINT WARNING * * *
The orc wizard gestures at you while chanting.
The magic dart hits you!
* * * LOW HITPOINT WARNING * * *
Unknown command.
You bludgeon the orc priest! You grab the orc priest.
The orc priest is heavily wounded.
You constrict the orc priest, but do no damage.
The orc priest hits you with a +0 hand axe!
You die...

......####.### ##..##.#
.....##......## ##....#
#...##........## ###..#
...##..........######..#
..##................#..#
[##...........o.o...##.#
##.........§.#......####
.#.....§§........W..#
#..............ohY..#
#..###########......#
#### #......# ########


You could see an ice beast, a phantom (paralysed), an orc priest and 2 orc
wizards.

Vanquished Creatures
  Grinder (D:3)
  Edmund (D:5)
  A scorpion (D:5)
  2 hounds (D:5)
  A sleepcap (D:5)
  Crazy Yiuf (D:4)
  Jessica (D:3)
  4 iguanas
  2 orc wizards (D:4)
  5 adders
  A white imp (D:5)
  3 dart slugs
  4 orcs
  6 endoplasms
  3 giant cockroaches
  6 goblins
  5 hobgoblins
  A jackal (D:3)
  12 kobolds
  7 quokkas
  8 ball pythons
  8 bats
  17 frilled lizards
  9 rats
109 creatures vanquished.

Notes
Turn   | Place    | Note
-------+----------+-------------------------------------------
     0 | D:1      | mopl the Octopode Shapeshifter began the quest for the Orb.
     0 | D:1      | Reached XP level 1. HP: 14/14 MP: 1/1
   134 | D:1      | Reached XP level 2. HP: 19/19 MP: 2/2
   257 | D:1      | Reached XP level 3. HP: 24/24 MP: 3/3
  1063 | D:2      | Reached XP level 4. HP: 24/30 MP: 4/4
  1120 | D:2      | Reached skill level 3 in Unarmed Combat
  1130 | D:2      | Found a shimmering altar of Xom.
  1745 | D:3      | Found a faded altar of an unknown god.
  1757 | D:3      | Prayed at the altar of an unknown god.
  1757 | D:3      | Became a worshipper of Uskayaw the Reveller
  1757 | D:3      | Reached * piety under Uskayaw
  1841 | D:3      | Noticed Jessica
  1849 | D:3      | Killed Jessica
  1849 | D:3      | Reached ** piety under Uskayaw
  1850 | D:3      | Reached XP level 5. HP: 35/35 MP: 5/5
  2125 | D:3      | Noticed Grinder
  2132 | D:3      | Reached *** piety under Uskayaw
  2133 | D:3      | Killed Grinder
  2134 | D:3      | Reached skill level 3 in Fighting
  2134 | D:3      | Reached skill level 3 in Dodging
  2134 | D:3      | Reached skill level 1 in Invocations
  2134 | D:3      | Reached skill level 4 in Shapeshifting
  2134 | D:3      | Reached XP level 6. HP: 36/42 MP: 5/7
  2263 | D:4      | Reached skill level 4 in Unarmed Combat
  2285 | D:4      | Found Reremief's Armour Shoppe.
  2333 | D:4      | Reached **** piety under Uskayaw
  2417 | D:4      | Found a blossoming altar of Fedhas.
  2433 | D:4      | Found a shimmering altar of Xom.
  2628 | D:4      | Found a broken altar of Ashenzari.
  2709 | D:4      | Found a runed translucent door.
  2710 | D:4      | Noticed Crazy Yiuf
  2814 | D:4      | Reached XP level 7. HP: 35/46 MP: 8/8
  3086 | D:4      | Killed Crazy Yiuf
  3087 | D:4      | Reached skill level 2 in Invocations
  3135 | D:5      | Entered Level 5 of the Dungeon
  3267 | D:5      | Noticed Edmund
  3312 | D:5      | Killed Edmund
  3681 | D:5      | Reached skill level 5 in Unarmed Combat
  3686 | D:5      | Slain by an orc priest

Illustrated notes

Levels and vault maps discovered:
D:1:      dpeg_arrival_subterranean_lakeside_camping, layout_basic,
          minmay_lizard_pond
D:2:      layout_loops_ring, basic_altar, minmay_pentomino_u2
D:3:      minmay_evil_eye, layout_loops_ring, basic_ecumenical_altar,
          uniq_grinder, uniq_jessica
D:4:      layout_loops_ring, nicolae_overflow_crystal_walls,
          mainiacjoe_overflow_big_doors, serial_shops,
          nicolae_shop_rolling_square, uniq_crazy_yiuf_cottage
D:5:      layout_rooms, minmay_crystal_water, nrook_mini_backslash, uniq_edmund

Skill      XL: |  1  2  3  4  5  6  7 |
---------------+----------------------+-----
Unarmed Combat | 3 4 5 |  5.0
Fighting       | 3 |  3.8
Dodging        | 3 |  3.8
Invocations    | 1 2 |  2.6
Shapeshifting  | 4 |  4.9

Action                     |  1- 3 |  4- 6 |  7- 9 || total
---------------------------+-------+-------+-------++-------
  Melee: Unarmed           |    88 |    70 |    51 ||   209
         Constrict         |    24 |    21 |    13 ||    58
         Tentacles         |    18 |    16 |    17 ||    51
         Punch             |       |     3 |     4 ||     7
  Throw: Dart              |       |       |     2 ||     2
Ability: Begin Untransform |       |       |     1 ||     1
   Stab: Sleeping          |     7 |     8 |     1 ||    16
         Paralysed         |       |     2 |     3 ||     5
 Armour: Skin              |     4 |     1 |     3 ||     8
  Dodge: Dodged            |    37 |    36 |    17 ||    90
   Form: Beast             |       |       |     1 ||     1

Table legend: (Time is in decaauts)
 A = Elapsed time spent in this place.
 B = Non-inter-level travel time spent in this place.
 C = Inter-level travel time spent in this place.
 D = Time resting spent in this place.
 E = Time spent auto-exploring this place.
 F = Levels seen in this place.
 G = Mean time per level.
                   A        B        C        D        E       F      G
               +--------+--------+--------+--------+--------+-----+--------+
         Total |   3669 |   3541 |    128 |    314 |   2581 |   5 |  733.8 |
       Dungeon |   3669 |   3541 |    128 |    314 |   2581 |   5 |  733.8 |
               +--------+--------+--------+--------+--------+-----+--------+

Top non-repeatable levels by time:
     D:1: 915 daAuts
     D:4: 882 daAuts
     D:2: 711 daAuts
     D:3: 614 daAuts
     D:5: 546 daAuts
